 Dungeon Crawl Stone Soup version 0.24-a0-201-gf205589 (webtiles) character file.

Game seed: 6379460194050704883

102 Borgoz the Ducker (level 4, -6/36 (37) HPs)
             Began as a Ghoul Gladiator on Mar 23, 2019.
             Killed from afar by Sigmund (10 damage)
             ... with a puff of flame
             ... on level 3 of the Dungeon.
             The game lasted 00:03:52 (1823 turns).

Borgoz the Ducker (Ghoul Gladiator)                 Turns: 1823, Time: 00:03:53

HP:   -6/36 (37)    AC:  6    Str: 17    XL:     4   Next: 78%
MP:   4/4           EV: 12    Int:  4    God:
Gold: 87            SH:  0    Dex: 10    Spells: 4/4 levels left

rFire    . . .     SeeInvis .   a - +2 dagger (drain)
rCold    + + .     Gourm    .   (no shield)
rNeg     + + +     Faith    .   C - +0 leather armour
rPois    ∞         Spirit   .   c - +0 helmet
rElec    .         Reflect  .   (no cloak)
rCorr    .         Harm     .   h - +0 pair of gloves
MR       .....     Rnd*Tele +   A - +0 pair of boots
Stlth    +.........             (no amulet)
HPRegen  0.00/turn              v - ring of protection from cold
MPRegen  0.09/turn              z - ring of teleportation (curse)

@: rotting, hasted, very quick
A: rotting body, claws 1, carnivore, cold resistance 1, negative energy
resistance 3, inhibited regeneration, torment resistance, unbreathing
a: no special abilities


You were on level 3 of the Dungeon.
You were not hungry.

You visited 1 branch of the dungeon, and saw 3 of its levels.

You collected 87 gold pieces.

Inventory:

Hand Weapons
 a - a +2 dagger of draining (weapon)
 b - a +0 blowgun
 j - a +0 rapier
Missiles
 s - 31 poisoned needles
 u - 7 tomahawks (quivered)
Armour
 c - a +0 helmet (worn)
 h - a +0 pair of gloves (worn)
 A - a +0 pair of boots (worn)
 C - a +0 leather armour (worn)
Jewellery
 v - a ring of protection from cold (left hand)
 z - a cursed ring of teleportation (right hand)
Wands
 B - a wand of iceblast (8)
Scrolls
 e - 2 scrolls of random uselessness {unknown}
 i - 2 scrolls of enchant weapon {unknown}
 k - 3 scrolls of amnesia {unknown}
 l - a scroll of remove curse {unknown}
 m - 4 scrolls of identify {unknown}
 n - 2 scrolls of fog {unknown}
 o - 2 scrolls of fear {unknown}
 y - a scroll of noise {unknown}
Potions
 p - a potion of flight {unknown}
 q - a potion of might {unknown}
 r - a potion of brilliance {unknown}
 t - a potion of haste
 w - a potion of degeneration {unknown}
 x - a potion of lignification
Comestibles
 f - 2 rations
 g - 6 chunks of flesh


   Skills:
 + Level 2.5 Fighting
 * Level 3.2 Short Blades
 + Level 2.1 Throwing
 * Level 1.3 Armour
 * Level 3.3 Dodging
 + Level 1.3 Stealth
 + Level 0.6 Spellcasting


You had 4 spell levels left.
You didn't know any spells.
Your spell library was empty.

Dungeon Overview and Level Annotations

Branches:
Dungeon (3/15)

Altars:

Annotations:
D:3 Sigmund


Innate Abilities, Weirdness & Mutations

Your body is rotting away.
You thrive on raw meat.
You are immune to poison.
You have sharp fingernails.
You are carnivorous and can eat meat at any time.
Your flesh is cold resistant. (rC+)
You are immune to negative energy. (rN+++)
You do not regenerate when monsters are visible.
You are immune to unholy pain and torment.
You can survive without breathing.


Message History

Throwing (i - inventory. (/) - cycle)
d - a throwing net (quivered)
Press: ? - help, Shift-Dir - straight line, f/p - Sigmund
Aim: Sigmund, wielding a +0 scythe and wearing a +0 robe You throw a throwing net.
The throwing net closely misses Sigmund.
Sigmund hits you with a +0 scythe!
* * * LOW HITPOINT WARNING * * *
It was a potion of haste.
You feel yourself speed up. Sigmund closely misses you.
The crimson imp blinks!
Sigmund gestures wildly while chanting.
Sigmund flickers and vanishes!
Deactivating autopickup; reactivate with Ctrl-A.
The crimson imp closely misses you.
Found 16 gold pieces.
You feel your flesh rotting away.
The crimson imp blinks!
A puff of flame appears from out of thin air!
The puff of flame hits you!
You die...

##### #...# #...# #...# #5..#
#..# ######## #.## #....... ##.#
#....... #@.## #..@.... #...#
#......S #$§.# #(...... #...#
#..(.... ... #...# #......<
....... #...# #....... .. ..
........##...# #####.......
#.##..........##.#.###..$...$....
#..... .......##.#.#.............


You could see a crimson imp.

Vanquished Creatures
  3 adders
  3 worms
  2 dart slugs (D:1)
  2 leopard geckos
  An orc (D:3)
  3 bats
  6 giant cockroaches
  8 goblins
  7 hobgoblins
  3 jackals (D:2)
  2 quokkas (D:2)
  5 frilled lizards
  6 kobolds
  7 rats
58 creatures vanquished.

Notes
Turn   | Place    | Note
-------+----------+-------------------------------------------
     0 | D:1      | Borgoz the Ghoul Gladiator began the quest for the Orb.
     0 | D:1      | Reached XP level 1. HP: 17/17 MP: 0/0
    13 | D:1      | Noticed a minotaur skeleton
   190 | D:1      | Reached XP level 2. HP: 24/24 MP: 1/1
   369 | D:1      | Reached XP level 3. HP: 20/30 MP: 2/2
   425 | D:1      | Reached skill level 1 in Stealth
   912 | D:2      | Reached skill level 1 in Armour
  1068 | D:2      | Reached XP level 4. HP: 30/37 MP: 3/3
  1647 | D:3      | Noticed Sigmund
  1823 | D:3      | Killed from afar by Sigmund

Levels and vault maps discovered:
D:1:      shiori_arrival_whats_in_store_for_you, layout_loops_ring,
          minmay_vboxes
D:2:      layout_basic
D:3:      layout_rooms, uniq_sigmund

Skill      XL: |  1  2  3 |
---------------+----------+-----
Stealth        | 1 |  1.3
Dodging        | 3 |  3.3
Short Blades   | 3 |  3.2
Throwing       | 2 |  2.1
Armour         | 1 |  1.3
Fighting       | |  2.5
Spellcasting   | |  0.6

Action                   |  1- 3 |  4- 6 || total
-------------------------+-------+-------++-------
Melee: Rapier            |    30 |       ||    30
       Dagger            |    68 |    62 ||   130
Throw: Throwing net      |       |     3 ||     3
  Use: Potion            |       |     2 ||     2
 Stab: Sleeping          |     1 |     2 ||     3
  Eat: Chunk             |     7 |     4 ||    11
Armor: Leather armour    |    36 |    20 ||    56
Dodge: Dodged            |    48 |    40 ||    88

Table legend:
 A = Non-vault XP
 B = Vault XP
 C = Vault XP percentage of total XP
 D = Non-vault monster count
 E = Vault monster count
 F = Vault count percentage of total count
                 A         B        C        D         E       F
            +---------+---------+-------+---------+---------+-------
      Total |     138 |       9 |   6.1 |      53 |       5 |   8.6
            +---------+---------+-------+---------+---------+-------
        D:1 |      41 |       9 |  18.0 |      21 |       5 |  19.2
        D:2 |      53 |       0 |   0.0 |      21 |       0 |   0.0
        D:3 |      44 |       0 |   0.0 |      11 |       0 |   0.0
            +---------+---------+-------+---------+---------+-------
